 Dungeon Crawl Stone Soup version 0.30-a0-900-g23479c02f2 (webtiles) character file.

Game seed: 14444789550684740349

41 gelatine the Chopper (level 3, -2/28 HPs)
             Began as a Demonspawn Gladiator on Mar 19, 2023.
             Killed from afar by Sigmund (5 damage)
             ... with a puff of flame
             ... on level 2 of the Dungeon.
             The game lasted 00:02:24 (1134 turns).

gelatine the Chopper (Demonspawn Gladiator)         Turns: 1134, Time: 00:02:25

Health: -2/28      AC:  4    Str: 14 (16) XL:     3   Next: 32%
Magic:  3/3        EV: 12    Int:  7 (9)  God:
Gold:   78         SH:  0    Dex: 11 (14) Spells: 2/2 levels left

rFire   . . .      SeeInvis .    a - +0 war axe
rCold   . . .      Faith    .    (no shield)
rNeg    . . .      Spirit   .    b - +0 leather armour
rPois   +          Reflect  .    c - +0 helmet
rElec   .          Rampage  .    (no cloak)
rCorr   .                        (no gloves)
Will    .....                    (no boots)
Stlth   +                        (no amulet)
HPRegen 0.24/turn                (no ring)
MPRegen 0.08/turn                (no ring)

@: hasted, very quick
A: claws 2, poison resistance
a: no special abilities


You were on level 2 of the Dungeon.
You visited 1 branch of the dungeon, and saw 2 of its levels.

You collected 78 gold pieces.

Inventory:

Hand Weapons
 a - a +0 war axe (weapon)
Missiles
 l - 3 poisoned darts (quivered)
Armour
 b - a +0 leather armour (worn)
 c - a +0 helmet (worn)
Jewellery
 i - a ring of poison resistance
Scrolls
 h - a scroll of vulnerability {unknown}
 j - a scroll of fog {unknown}
 m - a scroll of immolation {unknown}
 n - a scroll of acquirement {unknown}
 o - a scroll of identify {unknown}
Potions
 g - a potion of degeneration


   Skills:
 * Level 2.3 Fighting
 + Level 3.3 Axes
 + Level 1.9 Throwing
 * Level 0.5 Armour
 * Level 3.0 Dodging


You had 2 spell levels left.
You didn't know any spells.
Your spell library contained the following spells:

 Spells                   Type           Power      Damage    Failure   Level
 Cigotuvi's Dreadful Rot  Necr/Pois/Air  0%         N/A       65%         2
 Poisonous Vapours        Pois/Air       0%         N/A       65%         2
 Mephitic Cloud           Conj/Pois/Air  0%         N/A       87%         3


Dungeon Overview and Level Annotations

Branches:
Dungeon (2/15)

Altars:

Annotations:
D:2 Sigmund


Innate Abilities, Weirdness & Mutations

You have very sharp fingernails.
Your system is resistant to poisons. (rPois)


Message History

It was a potion of mutation.
You feel extremely strange.
You feel resistant to poisons.
It was a potion of cancellation.
Your magical effects are unravelling.
You feel magically purged.
You feel yourself slow down. Sigmund closely misses you.
It was a potion of heal wounds.
You feel much better.
You feel yourself speed up.
Sigmund zaps a wand.
The puff of flame hits you. Sigmund casts a spell at you.
You resist with significant effort.
You barely miss Sigmund.
Sigmund is lightly wounded.
Sigmund closely misses you.
You barely miss Sigmund.
Sigmund is lightly wounded.
You hit Sigmund but do no damage.
Sigmund is lightly wounded.
Sigmund hits you with a +0 scythe!
You closely miss Sigmund.
Sigmund is lightly wounded.
You hit Sigmund.
Sigmund is moderately wounded.
Sigmund casts a spell at you. The magic dart hits you!
You closely miss Sigmund.
Sigmund is moderately wounded.
Sigmund screams, "You will never...
NEVER!!!"
Sigmund barely misses you.
You closely miss Sigmund.
Sigmund is moderately wounded.
You hit Sigmund.
Sigmund is moderately wounded.
Sigmund gestures at you while chanting. The puff of flame hits you!
* * * LOW HITPOINT WARNING * * *
You barely miss Sigmund.
Sigmund is moderately wounded.
Sigmund zaps a wand.
The puff of flame hits you.
You die...

#.# ##.##
########...##
#####............
#.....######...##
#†##### ##.## #.#
#.# ####.#####
#.# #.@@.....#
#+# #(##.###.# #
#.# #.# #.. #..
#... .#.


You could see Sigmund.

Vanquished Creatures
  2 adders (D:2)
  A dart slug (D:1)
  An endoplasm (D:1)
  A goblin (D:2)
  3 hobgoblins (D:1)
  A kobold (D:1)
  2 quokkas (D:1)
  3 ball pythons
  2 bats (D:2)
  3 frilled lizards
  3 rats
22 creatures vanquished.

Notes
Turn   | Place    | Note
-------+----------+-------------------------------------------
     0 | D:1      | gelatine the Demonspawn Gladiator began the quest for the
                  | Orb.
     0 | D:1      | Reached XP level 1. HP: 16/16 MP: 1/1
   378 | D:1      | Gained mutation: You have sharp fingernails. [demonic
                  | ancestry]
   378 | D:1      | Reached XP level 2. HP: 22/22 MP: 2/2
   948 | D:2      | Gained mutation: You have very sharp fingernails. [demonic
                  | ancestry]
   948 | D:2      | Reached XP level 3. HP: 26/27 MP: 3/3
  1117 | D:2      | Noticed Sigmund
  1121 | D:2      | Gained mutation: Your system is resistant to poisons.
                  | (rPois) [potion of mutation]
  1134 | D:2      | Killed from afar by Sigmund

Illustrated notes

Levels and vault maps discovered:
D:1:      psy_arrival_dodecagon, layout_loops_ring, minmay_close_crescents
D:2:      layout_loops_corners, uniq_sigmund

Skill      XL: |  1  2 |
---------------+-------+-----
Axes           | 3 |  3.3
Dodging        | 3 |  3.0
Fighting       | |  2.3
Throwing       | |  1.9
Armour         | |  0.5

Action                     || total
---------------------------++-------
  Melee: War axe           ||    62
  Throw: Throwing net      ||     4
         Javelin           ||     3
    Use: Potion            ||     6
   Stab: Sleeping          ||     1
 Armour: Leather armour    ||    14
  Dodge: Dodged            ||    41

Table legend: (Time is in decaauts)
 A = Elapsed time spent in this place.
 B = Non-inter-level travel time spent in this place.
 C = Inter-level travel time spent in this place.
 D = Time resting spent in this place.
 E = Time spent auto-exploring this place.
 F = Levels seen in this place.
 G = Mean time per level.
                   A        B        C        D        E       F      G
               +--------+--------+--------+--------+--------+-----+--------+
         Total |   1149 |   1139 |     10 |      0 |    930 |   2 |  574.5 |
       Dungeon |   1149 |   1139 |     10 |      0 |    930 |   2 |  574.5 |
               +--------+--------+--------+--------+--------+-----+--------+

Top non-repeatable levels by time:
     D:1: 694 daAuts
     D:2: 454 daAuts
